 Dungeon Crawl Stone Soup version 0.23.2-1-ga50397a6bc (webtiles) character file.

Game seed: 13892473899319479026

143 Marnok the Skirmisher (level 5, -18/42 HPs)
             Began as a Demonspawn Abyssal Knight on Apr 21, 2019.
             Was a Believer of Lugonu.
             Demolished by an ogre
             ... wielding a +0 giant club
              (25 damage)
             ... on level 4 of the Dungeon.
             The game lasted 00:08:23 (2494 turns).

Marnok the Skirmisher (Demonspawn Abyssal Knight)   Turns: 2494, Time: 00:08:23

Health: -18/42     AC: 11    Str: 13      XL:     5   Next: 4%
Magic:  5/6        EV:  5    Int: 12      God:    Lugonu [**....]
Gold:   185        SH:  3    Dex: 14 (17) Spells: 4/4 levels left

rFire    . . .     SeeInvis .   k - +3 spear (venom)
rCold    + . .     Gourm    .   r - +0 buckler
rNeg     . . .     Faith    .   d - +0 chain mail
rPois    .         Spirit   .   (no helmet)
rElec    .         Reflect  .   (no cloak)
rCorr    .         Harm     .   (no gloves)
MR       .....                  n - +1 pair of boots
Stlth    ..........             (no amulet)
HPRegen  0.14/turn              l - ring of flight
MPRegen  0.10/turn              u - +3 ring of dexterity

@: no status effects
A: thin skeletal structure 1, cold resistance 1, dopey 1, low mp 1, screaming 1,
freezing cloud immunity
a: Depart the Abyss, Bend Space, Renounce Religion, Evoke Flight


You were on level 4 of the Dungeon.
You worshipped Lugonu.
Lugonu was pleased with you.
You were not hungry.

You visited 1 branch of the dungeon, and saw 4 of its levels.
You visited the Abyss 1 time.

You collected 185 gold pieces.

Inventory:

Hand Weapons
 a - a +1 spear
 k - a +3 spear of venom (weapon)
Armour
 b - a +0 leather armour
 d - a +0 chain mail (worn)
 n - a +1 pair of boots (worn)
 r - a +0 buckler (worn)
Jewellery
 l - a ring of flight (left hand)
 u - a +3 ring of dexterity (right hand)
Scrolls
 e - a scroll of teleportation
 h - 2 scrolls of magic mapping
 o - 3 scrolls of remove curse
Potions
 i - a potion of curing
 j - 3 potions of heal wounds
 p - a potion of flight
Comestibles
 c - 5 rations


   Skills:
 + Level 3.6 Fighting
 + Level 3.1 Polearms
 + Level 2.9 Armour
 + Level 1.6 Dodging
 + Level 0.1 Shields
 + Level 2.7 Invocations


You had 4 spell levels left.
You didn't know any spells.
Your spell library was empty.

Dungeon Overview and Level Annotations

Branches:
Dungeon (4/15)
 Temple: D:4-7

Altars:
Cheibriados
Sif Muna
Wu Jian

Annotations:
D:4 Sigmund


Innate Abilities, Weirdness & Mutations

You have a somewhat thin skeletal structure. (Dex +2, Stealth)
Your flesh is cold resistant. (rC+)
You are immune to freezing clouds.
You are dopey. (Int -2)
Your magical capacity is low. (-10% MP)
You occasionally shout uncontrollably at your foes.


Message History

The centaur skeleton hits you but does no damage.
Something hits you. The centaur skeleton hits you.
* * * LOW HITPOINT WARNING * * *
You hit the centaur skeleton.
The centaur skeleton is almost destroyed.
The centaur skeleton hits you but does no damage.
You hit the centaur skeleton.
You destroy the centaur skeleton!
Lugonu accepts your kill.
You feel your intelligence returning.
You have reached level 5!
Your demonic ancestry asserts itself...
Your bones become slightly less dense.
You feel a little less clever now. Something hits you.
* * * LOW HITPOINT WARNING * * *
Space bends around you!
You blink.
The ogre hits you with a +0 giant club!!
Ouch! That really hurt!
You die...

#............
...#..........#
#......<......#
.$............#
.#............#
##.#........##
#..........##
##..........#####..##
#.........@O§.......
#..........##.....[.
#....[.....# #......
#..........# ......
##........## #####
##......## #######


You could see an ogre.

Vanquished Creatures
  A worker ant (D:4)
  A centaur skeleton (D:4)
  2 adders
  2 worms
  4 dart slugs
  A leopard gecko (D:3)
  An orc (D:3)
  A ball python (D:1)
  2 giant cockroaches
  9 goblins
  2 hobgoblins
  5 jackals (D:3)
  A quokka (D:3)
  9 bats
  5 frilled lizards
  8 kobolds
  6 rats
60 creatures vanquished.

Notes
Turn   | Place    | Note
-------+----------+-------------------------------------------
     0 | Abyss:1  | Marnok the Demonspawn Abyssal Knight began the quest for
                  | the Orb.
     0 | Abyss:1  | Reached XP level 1. HP: 18/18 MP: 2/2
    55 | Abyss:1  | Noticed an apocalypse crab
    64 | Abyss:1  | Noticed a neqoxec
    64 | Abyss:1  | Gained mutation: Your magical capacity is low. (-10% MP) [a
                  | neqoxec]
    68 | Abyss:1  | Gained mutation: You are dopey. (Int -2) [a neqoxec]
    74 | Abyss:1  | Gained mutation: You occasionally shout uncontrollably at
                  | your foes. [a neqoxec]
    76 | Abyss:1  | Noticed a starcursed mass
    89 | Abyss:1  | Noticed a ynoxinul
    89 | Abyss:1  | Noticed a large abomination
    93 | D:1      | Escaped the Abyss
   602 | D:1      | Gained mutation: Your flesh is cold resistant. (rC+)
                  | [demonic ancestry]
   602 | D:1      | Reached XP level 2. HP: 24/24 MP: 3/3
   727 | D:1      | Reached skill level 1 in Dodging
   733 | D:1      | Reached * piety under Lugonu
  1067 | D:1      | Reached XP level 3. HP: 29/29 MP: 4/4
  1440 | D:2      | Found an ornate altar of the Wu Jian Council.
  1880 | D:3      | Found a snail-covered altar of Cheibriados.
  2150 | D:3      | Gained mutation: You are immune to freezing clouds.
                  | [demonic ancestry]
  2150 | D:3      | Reached XP level 4. HP: 34/35 MP: 5/5
  2183 | D:3      | Reached ** piety under Lugonu
  2207 | D:3      | Found a deep blue altar of Sif Muna.
  2471 | D:4      | Noticed Sigmund
  2471 | D:4      | Noticed an ogre
  2493 | D:4      | Gained mutation: You have a somewhat thin skeletal
                  | structure. (Dex +2, Stealth) [demonic ancestry]
  2493 | D:4      | Reached XP level 5. HP: 12/42 MP: 6/6
  2494 | D:4      | Demolished by an ogre

Skill      XL: |  1  2  3  4 |
---------------+-------------+-----
Armour         | 2 |  2.9
Dodging        | 1 |  1.6
Polearms       | 2 3 |  3.1
Fighting       | |  3.6
Shields        | |  0.1
Invocations    | |  2.7

Action                   |  1- 3 |  4- 6 || total
-------------------------+-------+-------++-------
Melee: Spear             |   199 |    53 ||   252
Invok: Depart the Abyss  |     1 |       ||     1
       Bend Space        |       |     1 ||     1
  Use: Scroll            |     6 |     6 ||    12
       Potion            |       |     4 ||     4
  Eat: Chunk             |     4 |     1 ||     5
Armor: Chain mail        |   150 |    55 ||   205
       Leather armour    |     6 |       ||     6
Dodge: Dodged            |    98 |    20 ||   118
Block: Buckler           |     6 |     7 ||    13
